AoeStats
← a.l.a.n.t

Arena

508398425Analyzed
4v4 RM · 9d ago on Sep 22, 2026· 26m 37s· 8 players
Game mode
Random Map
Map size
Large (8 player)
Population
200
Speed
Normal
Resources
Standard
Victory
Conquest
Starting age
Dark Age
Ending age
Imperial Age
RankedLock teamsTeams togetherTeam positionsShared explorationLock speedFull tech treeHidden civsTurbo modeCheats
Victory
Defeat
🇬🇧 Japanese · United Kingdom
1333
+12
🇩🇪 Bohemians · Germany
1297
+14
🇺🇸 Magyars · United States
1259
+16
🇩🇪 Vietnamese · Germany
1258
+15
🇻🇳 Huns · Vietnam
1344
-17
🇨🇳 Celts · China
1255
-15
🇹🇼 Khmer · Taiwan
1241
-14
🇨🇳 Mongols · China
1153
-11
percy5655
9:52 Feudal Age
10:23 Double-Bit Axe
12:27 Loom
15:43 Castle Age
14:28 Gold Mining
14:23 Horse Collar
16:29 Wheelbarrow
16:35 Heavy Plow
17:23 Bow Saw
17:36 Man-at-Arms
18:23 Long Swordsman
21:15 Stone Mining
25:15 Hand Cart
simonchen0125
1:01 Loom
12:11 Feudal Age
11:33 Loom
15:01 Castle Age
12:57 Double-Bit Axe
12:54 Horse Collar
13:55 Wheelbarrow
16:03 Bow Saw
15:55 Heavy Plow
19:41 Loom
21:56 Hand Cart
22:19 Town Watch
22:57 Gold Mining
22:57 Stone Mining
25:13 Loom
ANTIINA
10:09 Feudal Age
10:41 Double-Bit Axe
13:41 Castle Age
13:02 Horse Collar
14:55 Bow Saw
15:37 Wheelbarrow
23:16 Heavy Plow
25:32 Hand Cart
25:46 Gold Mining
25:46 Stone Mining
28:54 Imperial Age
26:41 Fletching
26:51 Padded Archer Armor
Ky
10:46 Feudal Age
15:59 Castle Age
14:41 Double-Bit Axe
14:38 Horse Collar
19:05 Wheelbarrow
19:34 Bow Saw
19:31 Heavy Plow
22:18 Gold Mining
24:46 Fletching
25:07 Forging
24:55 Loom
Carleo_Intestin
10:50 Feudal Age
14:55 Castle Age
13:06 Double-Bit Axe
13:24 Horse Collar
15:51 Bow Saw
17:40 Scale Barding Armor
18:46 Corvinian Army
18:55 Scale Barding Armor
23:49 Chain Barding Armor
26:37 Bloodlines
a.l.a.n.t
11:33 Feudal Age
12:50 Horse Collar
15:41 Castle Age
14:07 Double-Bit Axe
16:54 Squires
17:27 Scale Mail Armor
18:20 Bow Saw
Skipper
10:13 Feudal Age
14:31 Castle Age
12:17 Horse Collar
13:01 Double-Bit Axe
15:34 Bow Saw
19:55 Heavy Plow
23:03 Wheelbarrow
24:36 Hand Cart
25:19 Loom
28:34 Imperial Age
27:42 Chemistry
D.EvilsToy
11:12 Feudal Age
15:00 Castle Age
13:19 Double-Bit Axe
13:26 Horse Collar
14:53 Scale Mail Armor
18:38 Squires
22:46 Bow Saw
Connection lost

Rejoining the realm…

Still unreachable

The connection could not be restored.

Session expired

The server has moved on; the page needs a fresh start.